 Dungeon Crawl Stone Soup version 0.31.0-12-g77e489cdc1 (webtiles) character file.

Game seed: 12527256916202930301

8 Marvel the Ducker (level 2, 0/22 HPs)
             Began as a Merfolk Gladiator on Feb 24, 2024.
             Succumbed to a kobold's poison
             ... on level 1 of the Dungeon.
             The game lasted 00:00:22 (175 turns).

Marvel the Ducker (Merfolk Gladiator)                Turns: 175, Time: 00:00:23

Health: 0/22       AC:  4    Str: 14    XL:     2   Next: 8%
Magic:  2/2        EV: 10    Int:  7    God:
Gold:   42         SH:  0    Dex: 15    Spells: 1/1 levels left

rFire   + . .        a - +0 rapier
rCold   + . .        (no shield)
rNeg    . . .        b - +0 leather armour
rPois   +            c - +0 helmet
rElec   +            (no cloak)
rCorr   +            (no gloves)
SInv    .            (no boots)
Will    .....        (no amulet)
Stlth   +            (no ring)
HPRegen 0.23/turn    (no ring)
MPRegen 0.08/turn

%: no passive effects
@: lethally poisoned (0 -> -3), resistant, constricted
A: (nimble swimmer 2), mertail
a: no special abilities


You were on level 1 of the Dungeon.
You visited 1 branch of the dungeon, and saw 1 of its levels.

You collected 42 gold pieces.

Inventory:

Hand Weapons
 a - a +0 rapier (weapon)
Missiles
 d - 3 throwing nets (quivered)
 e - a javelin
Armour
 b - a +0 leather armour (worn)
 c - a +0 helmet (worn)
Scrolls
 f - a scroll of identify {unknown}
 g - a scroll of revelation {unknown}
 h - a scroll of teleportation {unknown}


   Skills:
 + Level 2.2 Fighting
 + Level 4.0 Short Blades
 + Level 2.0 Throwing
 + Level 4.2 Dodging


You had one spell level left.
You didn't know any spells.
Your spell library was empty.

Dungeon Overview and Level Annotations

Branches:
Dungeon (1/15)

Altars:


Innate Abilities, Weirdness & Mutations

((You are very nimble when in or above water. (Stealth+, EV+, Speed+++)))
Your lower body shifts to a powerful aquatic tail in water.


Message History

A kobold comes into view. It is wielding a +0 club.
The kobold hits you with a +2 short sword of venom.
You are poisoned.
You barely miss the kobold.
The kobold is heavily wounded.
You feel very sick. The ball python bites you. The ball python grabs you.
The ball python constricts you. The kobold misses you.
The ball python bites you but does no damage.
The ball python constricts you.
You are too injured to fight recklessly!
You escape the ball python's grasp.
You feel sick.
You see here a lumpy grey potion.
It was a potion of resistance.
You feel protected.
You feel sick.
The kobold hits you with a +2 short sword of venom.
* * * LOW HITPOINT WARNING * * *
The ball python bites you but does no damage.
The ball python barely misses you.
You hit the kobold.
The kobold is severely wounded.
* * * LOW HITPOINT WARNING * * *
You feel sick. The kobold hits you but does no damage.
The ball python closely misses you. The ball python grabs you.
The ball python constricts you.
You closely miss the kobold.
The kobold is severely wounded.
* * * LOW HITPOINT WARNING * * *
You feel sick.
The kobold hits you with a +2 short sword of venom.
* * * LOW HITPOINT WARNING * * *
The ball python bites you but does no damage.
The ball python constricts you.
You hit the kobold.
You kill the kobold!
* * * LOW HITPOINT WARNING * * *
You feel sick. The ball python misses you. The ball python constricts you.
You closely miss the rat.
You die...

#. .# .#####.###.##
(.!.........
...........
..........#############
.......#....#.........#
.......#K...#.........#
.......rS...#.........#
.......#@.....[.......#
.......#...#.........>#
.......#...#..........#
.......######.........#
####### #....†....#
#.......).# ###....####
####...# ###.#


You could see a ball python, a kobold and a rat.

Vanquished Creatures
  A giant cockroach (D:1)
  2 goblins (D:1)
  A hobgoblin (D:1)
  A kobold (D:1)
  A bat (D:1)
  A rat (D:1)
7 creatures vanquished.

Notes
Turn   | Place    | Note
-------+----------+-------------------------------------------
     0 | D:1      | Marvel the Merfolk Gladiator began the quest for the Orb.
     0 | D:1      | Reached XP level 1. HP: 16/16 MP: 1/1
   147 | D:1      | Reached XP level 2. HP: 22/22 MP: 2/2
   173 | D:1      | HP: 1/22 [kobold/+2 short sword of venom (2)]
   175 | D:1      | Succumbed to a kobold's poison

Illustrated notes

Levels and vault maps discovered:
D:1:      kennysheep_arrival_seaside, layout_basic

Skill      XL: |  1 |
---------------+----+-----
Short Blades   | 4 |  4.0
Fighting       | |  2.2
Throwing       | |  2.0
Dodging        | |  4.2

Action                     || total
---------------------------++-------
  Melee: Rapier            ||    23
    Use: Potion            ||     1
 Armour: Leather armour    ||    15
  Dodge: Dodged            ||    19
